 Dungeon Crawl Stone Soup version 0.22.0-49-gab54619 (webtiles) character file.

1028 inc the Archer (level 8, -6/57 HPs)
             Began as an Octopode Hunter on Sept 6, 2018.
             Mangled by a wraith (13 damage)
             ... in an ossuary.
             The game lasted 00:06:47 (4560 turns).

inc the Archer (Octopode Hunter)                    Turns: 4560, Time: 00:06:48

Health: -6/57      AC:  1    Str: 11    XL:     8   Next: 23%
Magic:  8/8        EV: 13    Int: 16    God:
Gold:   101        SH:  0    Dex: 12    Spells: 7/7 levels left

rFire    . . .     SeeInvis .   j - +2 rapier (holy)
rCold    . . .     Gourm    .   (no shield)
rNeg     + . .     Faith    .   (helmet restricted)
rPois    .         Spirit   .   (no amulet)
rElec    .         Reflect  .   k - ring of positive energy
rCorr    .         Harm     .   (no ring)
MR       .....                  (no ring)
Stlth    +++.......             (no ring)
HPRegen  0.19/turn              (no ring)
MPRegen  0.11/turn              (no ring)
                                (no ring)
                                (no ring)

@: flying, slowed, very slow
A: almost no armour, stealthy swim, amphibious, 8 rings, constrict 8, camouflage
1, gelatinous body 1
a: no special abilities


You were in an ossuary.
You were not hungry.

You visited 1 branch of the dungeon, and saw 6 of its levels.
You also visited: Ossuary.

You collected 101 gold pieces.

Inventory:

Hand Weapons
 a - a +1 shortbow
 b - a +2 whip of venom
 h - a +0 short sword
 j - a +2 rapier of holy wrath (weapon)
Missiles
 c - 64 arrows
Jewellery
 k - a ring of positive energy (left tentacle)
Wands
 m - a wand of disintegration (4)
Scrolls
 e - 3 scrolls of teleportation {unknown}
 g - a scroll of identify
 i - a scroll of amnesia {unknown}
 l - 4 scrolls of remove curse {unknown}
 n - 5 scrolls of random uselessness {unknown}
 o - a scroll of enchant weapon {unknown}
 q - 3 scrolls of enchant armour {unknown}
 r - a scroll of noise {unknown}
 s - a scroll of magic mapping {unknown}
Potions
 f - a potion of agility
 p - a potion of berserk rage
 t - a potion of might
 w - a potion of lignification {unknown}
 x - a potion of degeneration {unknown}
Comestibles
 d - 4 rations
 v - a chunk of flesh


   Skills:
 - Level 6.3 Fighting
 + Level 8.2 Bows
 - Level 2.0 Dodging
 - Level 1.3 Stealth


You had 7 spell levels left.
You didn't know any spells.
Your spell library was empty.

Dungeon Overview and Level Annotations

Branches:
Dungeon (6/15)
 Temple: D:4-7

Altars:
Cheibriados
Nemelex Xobeh
Okawaru
Xom

Annotations:
D:6 Grinder


Innate Abilities, Weirdness & Mutations

You cannot wear most types of armour.
You are very stealthy in the water. (Stealth+)
You are amphibious.
You can wear up to eight rings at the same time.
You can use your tentacles to constrict eight enemies at once.
Your skin changes colour to match your surroundings (Stealth+).
Your rubbery body absorbs attacks. (AC +1, EV +1)


Message History

You hit the wraith but do no damage. The wraith hits you!
The wraith drains your vigour!
You feel yourself slow down.
You hit the wraith but do no damage. The wraith hits you!
The wraith drains your vigour!
You feel as though you will be slow longer.
The wraith misses you.
You closely miss the wraith. Your squeeze misses the wraith.
The wraith barely misses you. The wraith hits you.
The wraith drains your vigour!
You feel as though you will be slow longer.
You hit the wraith.
The wraith convulses.
Your squeeze misses the wraith.
The wraith is moderately damaged.
The wraith misses you. The wraith hits you!
* * * LOW HITPOINT WARNING * * *
The wraith drains your vigour!
You feel as though you will be slow longer.
It was a potion of flight.
You feel very buoyant.
You fly up into the air.
The wraith hits you!
You die...

#########################
........................#
.....^..................#
..###..###..###..####..#
#..#.#..#W#...'.#..#
###..#+#..#'#..#@#..####..#
.....#.#..#.#..#.#........#
.............^...........#
##.......###.......####..#
+....8...# #...8....'.#..#
###.......#+#.......####..#
..........#^#.............#
..........................#
###..####.....####.^####..#


You could see a wraith.

Vanquished Creatures
  4 phantoms
  2 ogres
  A wyvern zombie (D:6)
  2 scorpions
  A crimson imp (D:5)
  3 hounds
  A bullfrog skeleton (D:4)
  An iguana (D:4)
  A worker ant (D:6)
  2 hound skeletons (D:4)
  A mummy (Ossuary)
  A worker ant zombie (D:6)
  A howler monkey skeleton (D:4)
  4 adders
  An ooze (D:4)
  An adder skeleton (D:4)
  A worm (D:5)
  A dart slug (D:4)
  6 leopard geckos
  An orc (D:4)
  A ball python (D:4)
  A giant cockroach (D:3)
  2 gnoll zombies (Ossuary)
  A goblin (D:1)
  5 hobgoblins
  4 quokkas
  A bat (D:1)
  A frilled lizard (D:1)
  4 goblin zombies (Ossuary)
  3 hobgoblin zombies (Ossuary)
  A jackal skeleton (D:4)
  3 kobolds (D:1)
  2 kobold zombies (Ossuary)
  An orc zombie (Ossuary)
  2 rats
68 creatures vanquished.

Notes
Turn   | Place    | Note
-------+----------+-------------------------------------------
     0 | D:1      | inc the Octopode Hunter began the quest for the Orb.
     0 | D:1      | Reached XP level 1. HP: 14/14 MP: 1/1
   233 | D:1      | Reached XP level 2. HP: 19/20 MP: 2/2
   822 | D:2      | You fall through a shaft!
   944 | D:4      | Reached XP level 3. HP: 26/26 MP: 3/3
  1001 | D:4      | Noticed a phantom
  1272 | D:4      | Killed a phantom
  1272 | D:4      | Reached XP level 4. HP: 7/34 MP: 4/4
  1450 | D:4      | Noticed an ogre
  1467 | D:4      | Killed an ogre
  1467 | D:4      | Reached skill level 5 in Fighting
  1467 | D:4      | Reached XP level 5. HP: 35/41 MP: 5/5
  1661 | D:4      | Reached XP level 6. HP: 41/46 MP: 6/6
  1662 | D:4      | Found a snail-covered altar of Cheibriados.
  1778 | D:4      | Noticed a phantom
  1840 | D:4      | Killed a phantom
  2270 | D:4      | Reached skill level 5 in Bows
  2297 | D:4      | Reached XP level 7. HP: 34/52 MP: 7/7
  2679 | D:4      | Reached skill level 6 in Bows
  2845 | D:4      | Found an iron altar of Okawaru.
  3054 | D:5      | Entered Level 5 of the Dungeon
  3370 | D:5      | Reached skill level 7 in Bows
  3800 | D:5      | Reached XP level 8. HP: 38/57 MP: 8/8
  3925 | D:5      | Found a sparkling altar of Nemelex Xobeh.
  4239 | D:6      | Found a shimmering altar of Xom.
  4239 | D:6      | Noticed Grinder
  4353 | D:6      | Reached skill level 8 in Bows
  4428 | D:6      | Found a sand-covered staircase.
  4435 | Ossuary  | Entered an ossuary
  4435 | Ossuary  | Noticed a wraith
  4435 | Ossuary  | Noticed a wraith
  4435 | Ossuary  | Noticed a wraith
  4554 | Ossuary  | Noticed a wraith
  4560 | Ossuary  | Mangled by a wraith

Skill      XL: |  1  2  3  4  5  6  7  8 |
---------------+-------------------------+-----
Fighting       | 3 4 5 6 |  6.3
Bows           | 5 7 8 |  8.2
Dodging        | |  2.0
Stealth        | |  1.3

Action                   |  1- 3 |  4- 6 |  7- 9 || total
-------------------------+-------+-------+-------++-------
Melee: Short sword       |    22 |       |       ||    22
       Constrict         |     9 |     7 |    14 ||    30
       Tentacles         |     7 |     6 |     8 ||    21
       Whip              |    13 |    34 |    35 ||    82
       Rapier            |    12 |     1 |    44 ||    57
 Fire: Shortbow          |     3 |    41 |    52 ||    96
  Use: Scroll            |       |       |     3 ||     3
       Potion            |       |       |     1 ||     1
 Stab: Sleeping          |     6 |     1 |     5 ||    12
  Eat: Ration            |       |     1 |     1 ||     2
       Chunk             |       |     1 |     3 ||     4
Armor: Skin              |     2 |     1 |       ||     3
Dodge: Dodged            |    25 |    16 |    54 ||    95
